 Dungeon Crawl Stone Soup version 0.29-a0-275-g389c0b56f3 (webtiles) character file.

Game seed: 95649419730368660

48 spaghetti the Skirmisher (level 3, -2/44 HPs)
             Began as an Ogre Chaos Knight on Mar 12, 2022.
             Was a Follower of Wu Jian.
             Slain by a gnoll
             ... wielding a +0 spear
              (6 damage)
             ... on level 3 of the Dungeon.
             The game lasted 00:02:46 (1598 turns).

spaghetti the Skirmisher (Ogre Chaos Knight)        Turns: 1598, Time: 00:02:46

Health: -2/44      AC:  5    Str: 18    XL:     3   Next: 72%
Magic:  3/3        EV: 13    Int: 13    God:    Wu Jian [*.....]
Gold:   40         SH:  0    Dex:  8    Spells: 2/2 levels left

rFire   . . .      SeeInvis .   i - +1 short sword (speed) {short}
rCold   . . .      Faith    .   (no shield)
rNeg    . . .      Spirit   .   b - +2 robe
rPois   .          Reflect  .   (helmet restricted)
rElec   .          Harm     .   (no cloak)
rCorr   .          Rampage  .   (gloves unavailable)
Will    .....                   (boots unavailable)
Stlth   +.........              (no amulet)
HPRegen 0.14/turn               d - +4 ring of evasion
MPRegen 0.08/turn               (no ring)

@: no status effects
A: large, unfitting armour, tough skin 1
a: Renounce Religion


You were on level 3 of the Dungeon.
You worshipped Wu Jian.
Wu Jian was aware of your devotion.
You visited 1 branch of the dungeon, and saw 3 of its levels.

You collected 40 gold pieces.


Innate Abilities, Weirdness & Mutations

You are too large for most types of armour.
You have tough skin. (AC +1)


   Skills:
 + Level 6.1 Fighting
 - Level 3.0 Polearms
 - Level 2.1 Dodging


You had 2 spell levels left.
You didn't know any spells.
Your spell library was empty.

Inventory:

Hand Weapons
 a - a +0 spear of chaos {polearm}
 i - a +1 short sword of speed (weapon) {short}
   (You took it off a kobold on level 2 of the Dungeon)
Missiles
 g - 39 stones {throwing}
 l - 4 boomerangs {throwing}
Armour
 b - a +2 robe (worn)
Jewellery
 d - a +4 ring of evasion (left hand)
   (You found it on level 1 of the Dungeon)
 f - a ring of ice
   (You found it on level 2 of the Dungeon)
 m - a ring of fire
   (You found it on level 2 of the Dungeon)
Potions
 e - a potion of flight
 h - a potion of ambrosia
 j - a potion of berserk rage {!q}
 n - a potion of curing {unknown}
Miscellaneous
 c - a piece from Xom's chessboard (15/15) (quivered)

Dungeon Overview and Level Annotations

Branches:
Dungeon (3/15)

Altars:
Wu Jian

Annotations:
D:3 Grinder, Ijyb, Jessica

# ..
########
###.#......
#....gg..#
#......@.#
#......g.#
#.......g#
#........#
#........+
#........#
#......g.+
#........#


You could see Ijyb and 4 gnolls.


Message History

😕 HP[-6]
You take 6 damage, and now have 38/44 hp.
You hit the worm. 😕 HP[+1]
You hit the worm. You hit the worm. The worm closely misses you.
You completely miss the worm. You barely miss the worm.
The worm bites you. 😕 HP[-4]
You take 4 damage, and now have 35/44 hp.
You hit the worm. You barely miss the worm. The worm bites you. 😮 HP[-5]
You take 5 damage, and now have 30/44 hp.
You barely miss the worm. You hit the worm. You hit the worm.
You kill the worm!
The Council accepts your kill.
Key pressed, stopping explore.
Key pressed, stopping explore.
You now have 40 gold pieces (gained 6).
m - a ring of fire 😎 HP[+14]
Your hp is fully restored (44).
There is a large open door here.
There is a large open door here.
g - 39 stones {throwing} (gained 15)
n - a white potion Done exploring.
Done exploring.
As you read the scroll labelled QIEXOE DOENECA, it crumbles to dust.
The air around you briefly surges with heat, but it dissipates.
It was a scroll of immolation.
Unknown command.
Done exploring.
Done exploring.
(D) Dungeon
Where to? (? - help)
There is a stone staircase leading down here.
You climb downwards.
There is a stone staircase leading up here.
Unknown command.
Unknown command.
Unknown command.
Unknown command.
Grinder and 2 jackals come into view.
Grinder shouts!
The jackal barks!
You hear a shout!
A jackal comes into view.
Jessica the Apprentice Sorceress comes into view.
She is wielding a +0 club.
Grinder says, "Tell me all your secrets, or I'll kill you."
Unknown command.
There is a stone staircase leading up here.
You climb upwards.
There is a stone staircase leading down here.
Done exploring.
Done exploring.
Done exploring.
You see here a +0 dagger {short}.
You see here a +0 club {mace}.
There is a stone staircase leading down here.
You climb downwards.
Level annotation: Grinder, Jessica The gnoll shouts! x3; You hear a shout!
The gnoll closely misses you.
The gnoll hits you from afar with a +0 spear.
The gnoll throws a throwing net.
The throwing net hits you.
You become entangled in the net!
There is a stone staircase leading up here.
You see here a throwing net {=f!fthrowing}. 😕 HP[-2]
You take 2 damage, and now have 42/44 hp.
You struggle against the net.
The gnoll closely misses you. x2
The gnoll hits you but does no damage. 😕 HP[+1]
You tear a large gash into the net.
The gnoll hits you with a +0 spear.
The gnoll hits you from afar with a +0 halberd!
The gnoll barely misses you.
The gnoll hits you but does no damage. 😮 HP[-17]
You take 17 damage, and now have 26/44 hp.
MASSIVE DAMAGE!! (PAUSE)
You struggle against the net.
The gnoll barely misses you. The gnoll hits you with a +0 club.
The gnoll barely misses you.
The gnoll hits you from afar with a +0 spear.
Ijyb the Twisted Goblin comes into view.
She is wielding a +0 dagger and carrying a wand of paralysis (9). 😮 HP[-2]
You take 2 damage, and now have 24/44 hp.
Unknown command.
Unknown command.
You rip the net and break free!
The gnoll hits you from afar with a +0 halberd!
* * * LOW HITPOINT WARNING * * *
The gnoll hits you with a +0 club.
* * * LOW HITPOINT WARNING * * *
Ijyb screams, "It's all mine!"
The gnoll hits you from afar with a +0 spear!
* * * LOW HITPOINT WARNING * * *
The gnoll hits you with a +0 spear.
You die...
Xom giggles madly!

Skill      XL: |  1  2  3 |
---------------+----------+-----
Fighting       | 5 6 |  6.1
Polearms       | |  3.0
Dodging        | |  2.1

Action                   || total
-------------------------++-------
Melee: Spear             ||    70
       Short sword       ||    70
       Punch             ||     1
Invok: Whirlwind         ||     6
       Lunge             ||     4
  Use: Scroll            ||     4
 Stab: Sleeping          ||     1
Armor: Robe              ||    31
Dodge: Dodged            ||    78

Levels and vault maps discovered:
D:1:      minmay_arrival_diagonal_passages, layout_basic,
          dreamdust_ecumenical_altar_grove, minmay_door_square,
          minmay_pentomino_s2
D:2:      layout_loops_ring, kennysheep_big_empty_room, fountainhead,
          grunt_decor_fettered
D:3:      layout_basic, uniq_ijyb, uniq_grinder, uniq_jessica

Notes
Turn   | Place    | Note
-------+----------+-------------------------------------------
     0 | D:1      | spaghetti the Ogre Chaos Knight began the quest for the
                  | Orb.
     0 | D:1      | Reached XP level 1. HP: 24/24 MP: 1/1
     0 | D:1      | magus.rc [v1.9.6]
    52 | D:1      | XOM: silly message
   221 | D:1      | Found a faded altar of an unknown god.
   231 | D:1      | Reached XP level 2. HP: 32/33 MP: 2/2
   235 | D:1      | Prayed at the altar of an unknown god.
   235 | D:1      | Fell from the grace of Xom
   235 | D:1      | Became a worshipper of the Wu Jian Council
   235 | D:1      | Reached * piety under Wu Jian
   257 | D:1      | XOM: divination: detect creatures
   417 | D:1      | Reached skill level 5 in Fighting
   528 | D:1      | XOM: summons 9 hostile demons
   529 | D:1      | Noticed a crimson imp
   650 | D:2      | Reached XP level 3. HP: 42/42 MP: 3/3
  1129 | D:2      | Reached skill level 6 in Fighting
  1562 | D:3      | Noticed Grinder
  1562 | D:3      | Noticed Jessica
  1597 | D:3      | Noticed Ijyb
  1598 | D:3      | HP: 11/44 [gnoll/+0 club (4)]
  1598 | D:3      | HP: 4/44 [gnoll/+0 spear (7)]
  1598 | D:3      | Slain by a gnoll

Vanquished Creatures
  An adder (D:2)
  2 worms (D:2)
  7 ball pythons
  2 endoplasms
  3 goblins
  4 hobgoblins
  4 kobolds (D:2)
  2 quokkas (D:1)
  A frilled lizard (D:1)
  5 rats
31 creatures vanquished.

Table legend:
 A = Non-vault XP
 B = Vault XP
 C = Vault XP percentage of total XP
 D = Non-vault monster count
 E = Vault monster count
 F = Vault count percentage of total count
                 A         B        C        D         E       F
            +---------+---------+-------+---------+---------+-------
      Total |      66 |       3 |   4.3 |      29 |       2 |   6.5
            +---------+---------+-------+---------+---------+-------
        D:1 |      21 |       3 |  12.5 |      12 |       2 |  14.3
        D:2 |      45 |       0 |   0.0 |      17 |       0 |   0.0
            +---------+---------+-------+---------+---------+-------

Illustrated notes

Table legend:
 A = Kills in this place as a percentage of kills in entire the game.
 B = Kills by you in this place as a percentage of kills by you in the entire game.
 C = Kills by friends in this place as a percentage of kills by friends in the entire game.
 D = Other kills in this place as a percentage of other kills in the entire game.
 E = Experience gained in this place as a percentage of experience gained in the entire game.
 F = Experience gained in this place divided by the number of levels of this place that you have seen.
                   A       B       C       D       E      F
               +-------+-------+-------+-------+-------+----------------------
         Total | 100.0 | 100.0 |   N/A |   N/A | 100.0 |  23.0
       Dungeon | 100.0 | 100.0 |   N/A |   N/A | 100.0 |  23.0
               +-------+-------+-------+-------+-------+----------------------

Table legend: (Time is in decaauts)
 A = Elapsed time spent in this place.
 B = Non-inter-level travel time spent in this place.
 C = Inter-level travel time spent in this place.
 D = Time resting spent in this place.
 E = Time spent auto-exploring this place.
 F = Levels seen in this place.
 G = Mean time per level.
                   A        B        C        D        E       F      G
               +--------+--------+--------+--------+--------+-----+--------+
         Total |   1576 |   1535 |     41 |    282 |    997 |   3 |  525.3 |
       Dungeon |   1576 |   1535 |     41 |    282 |    997 |   3 |  525.3 |
               +--------+--------+--------+--------+--------+-----+--------+

Top non-repeatable levels by time:
     D:2: 1034 daAuts
     D:1: 534 daAuts
     D:3: 8 daAuts
